[Event "NJSK 2018 Meisjes C"]
[Site "Assen, Netherlands"]
[Date "2018.05.05"]
[Round "7.3"]
[White "Bogouslavskii, Veronique"]
[Black "De Putter, Nina"]
[Result "0-1"]
[TimeControl "40/90m+30m+30sec/move"]
[WhiteElo "1004"]
[BlackElo "1672"]

1. d4 d5 2. c4 c6 3. Nc3 Nf6 4. Nf3 e6 5. e3 Nbd7 6. Bd3 Bd6 7. O-O O-O 8. Qc2 dxc4 9. Bxc4 Qe7 10.
Bd3 e5 11. Re1 Re8 12. dxe5 Nxe5 13. Nxe5 Bxe5 14. e4 Ng4 15. h3 Qh4 16. hxg4 Qh2+ 17. Kf1 Qh1+ 18. Ke2 Bxg4+ 19. f3 Qxg2+ 20. Kd1 Bxf3+ 21. Ne2 Bg3 22. b3 Bxe1 23. Kxe1 Bxe2 24. Bxe2 Rxe4 25. Kd1 Rd8+ 26. Bd2 Qxe2+ 27. Kc1 Red4 28.
Kb1 Rxd2 29. Qc1 Rd1 30. Qxd1 Rxd1# 0-1

[Event "NJSK 2018 Meisjes C"]
[Site "Assen, Netherlands"]
[Date "2018.05.05"]
[Round "7.4"]
[White "Hatzmann, Mirthe"]
[Black "Raulji, Kavya"]
[Result "0-1"]
[TimeControl "40/90m+30m+30sec/move"]
[WhiteElo "1323"]
[BlackElo "1394"]

1. e4 c5 2. Nc3 d6 3. g3 g6 4. Bg2 Bg7 5. d3 Nc6 6. Nge2 Nf6 7. h3 O-O 8. O-O e5 9. f4 exf4 10.
Nxf4 Be6 11. Be3 Qd7 12. Kh2 Nd4 13. Bxd4 cxd4 14. Nce2 Ne8 15. Nc1 Nc7 16. Nb3 Rac8 17. Ne2 Bxb3 18.
axb3 a6 19. Ra4 Ne6 20. Qd2 Nc5 21. Raa1 Ne6 22. Rac1 h5 23. Qb4 Bh6 24. Nf4 h4 25. Nd5 hxg3 26. Kxg3 Qd8 27. Rcd1 Qg5+ 28.
Kf3 Qh5+ 29. Kg3 Qe5+ 30. Kf2 Rxc2+ 31. Kg1 Qg3 32. Nf4 Nxf4 33. Rd2 Nxh3+ 34. Kh1 Rxd2 0-1

[Event "NJSK 2018 Meisjes C"]
[Site "Assen, Netherlands"]
[Date "2018.05.05"]
[Round "7.5"]
[White "De Zoeten, Cato"]
[Black "Velasco, Kathleen"]
[Result "0-1"]
[TimeControl "40/90m+30m+30sec/move"]
[WhiteElo "1496"]
[BlackElo "1284"]

1. e4 e5 2. Nf3 Nc6 3. d4 exd4 4. Nxd4 Bc5 5. Be3 Qf6 6. c3 Nge7 7. Bc4 Ne5 8. Be2 Qg6 9. O-O d5 10.
Nd2 dxe4 11. Bh5 Nf3+ 12. N4xf3 Qxh5 13. Bxc5 Qxc5 14. Nxe4 Qc6 15. Re1 O-O 16. Qc2 Bf5 17. Nd4 Qg6 18.
Nxf5 Qxf5 19. Rad1 Nc6 20. Qb3 Rad8 21. Ng3 Qf6 22. Rxd8 Rxd8 23. Qxb7 h6 24. Qxc7 Rb8 25. Rd1 Rxb2 26.
Rd6 Qxf2+ 27. Kh1 Qxg2 0-1

[Event "NJSK 2018 Meisjes C"]
[Site "Assen, Netherlands"]
[Date "2018.05.05"]
[Round "7.6"]
[White "Honkoop, Stella"]
[Black "Martinez, Sara"]
[Result "0-1"]
[TimeControl "40/90m+30m+30sec/move"]
[WhiteElo "1583"]
[BlackElo "1446"]

1. e4 e6 2. d4 d5 3. e5 c5 4. c3 Nc6 5. Nf3 Bd7 6. Bd3 cxd4 7. cxd4 Rc8 8. O-O Nb4 9. Nc3 Nxd3 10.
Qxd3 Bb4 11. Bd2 Qb6 12. a4 a6 13. Rfc1 Ne7 14. h3 h6 15. Ne2 Rxc1+ 16. Bxc1 O-O 17. b3 Rc8 18. Bb2 Nc6 19.
g4 Be7 20. Ba3 Bxa3 21. Rxa3 Nb4 22. Qb1 Rc2 23. Kf1 a5 24. Ne1 Rc7 25. Ra1 Qa6 26. Qd1 b5 27. Kg2 bxa4 28. bxa4 Rc4 29.
Rb1 Qc6 30. Ra1 Nc2 31. Rb1 Nxe1+ 32. Qxe1 Rxa4 33. Rb8+ Be8 34. Qd2 Kf8 35. g5 h5 36. g6 Qc7 37. Ra8 fxg6 38. Nf4 Qf7 39.
Qc2 Rc4 40. Nxg6+ Kg8 41. Qb1 Rxd4 0-1

[Event "NJSK 2018 Meisjes C"]
[Site "Assen, Netherlands"]
[Date "2018.05.05"]
[Round "7.7"]
[White "Jonkman Inza, Amelia Marry"]
[Black "Morote, Luna"]
[Result "1/2-1/2"]
[TimeControl "40/90m+30m+30sec/move"]
[WhiteElo "1222"]
[BlackElo "1415"]

1. d4 Nf6 2. c4 g6 3. Nc3 Bg7 4. e4 d6 5. Nf3 O-O 6. Be3 Ng4 7. Bd2 e5 8. d5 a5 9. h3 Nf6 10.
a3 a4 11. Qc2 Bd7 12. Be3 b6 13. Be2 Nh5 14. Qd2 Qe8 15. g4 Nf6 16. Kf1 Na6 17. Qc1 Nc5 18. Nd2 Qe7 19. Qc2 h6 20.
b4 axb3 21. Nxb3 Nxb3 22. Qxb3 Nh7 23. h4 f5 24. gxf5 gxf5 25. f3 f4 26. Bf2 h5 27. Qd1 Bf6 28. Ke1 Kh8 29. Kd2 Rg8 30.
Rh2 Rg7 31. Qh1 Nf8 32. a4 Ng6 33. Nb5 Bxb5 34. cxb5 Nf8 35. Be1 Nd7 36. Kc2 Nc5 37. a5 bxa5 38. Rxa5 Rgg8 39. Bc4 Rxa5 40.
Bxa5 Ra8 41. Be1 Qd8 42. Rg2 Bg7 43. Qg1 Qe7 44. Rg5 Qf7 45. Rg6 Rb8 46. Qg5 Qg8 47. Qxh5 Qh7 48. Qg5 Nd7 49.
h5 Nf8 50. h6 Nxg6 51. hxg7 Kxg7 52. Qg2 Kh8 53. Qf2 Rb7 54. Ba5 Ne7 55. b6 cxb6 56. Bxb6 Nc8 57. Bd8 Ne7 58. Ba6 Rd7 1/2-1/2

[Event "NJSK 2018 Meisjes C"]
[Site "Assen, Netherlands"]
[Date "2018.05.05"]
[Round "7.8"]
[White "Cordes, Jule"]
[Black "Arnold, Kiri"]
[Result "1/2-1/2"]
[TimeControl "40/90m+30m+30sec/move"]
[WhiteElo "1551"]
[BlackElo "1340"]

1. d4 Nf6 2. c4 c5 3. d5 b5 4. cxb5 a6 5. bxa6 Bxa6 6. Nf3 d6 7. Nc3 g6 8. Bg5 Bg7 9. g3 O-O 10. Bg2 Nbd7 11. O-O Qc7 12. Qd2 Rfb8 13.
Rab1 Nb6 14. a3 Nbd7 15. Rfc1 c4 16. Nd4 Nc5 17. Qc2 Nb3 18. Nxb3 cxb3 19. Qd2 Qd8 20. Nd1 Bb7 21. Nc3 Ba6 22.
h3 Nd7 23. Nd1 Nc5 24. Qe3 Rb7 25. Nc3 Qf8 26. Qd2 Nd7 27. Re1 Nc5 1/2-1/2